 Dungeon Crawl Stone Soup version 0.26-b1-32-g5d43845318 (webtiles) character file.

Game seed: 13045735386803202798

7455 Yorgos the Blocker (level 11, -3/90 HPs)
             Began as a Formicid Fighter on Jan 12, 2021.
             Was a Priest of Cheibriados.
             Slain by an eight-headed hydra (11 damage)
             ... on level 2 of the Lair of Beasts.
             The game lasted 00:13:48 (10908 turns).

Yorgos the Blocker (Formicid Fighter)              Turns: 10908, Time: 00:13:49

Health: -3/90      AC: 10    Str: 29 (31) XL:     11   Next: 37%
Magic:  11/11      EV: 10    Int: 14 (17) God:    Cheibriados [***...]
Gold:   401        SH: 13    Dex: 18      Spells: 10/10 levels left

rFire    . . .     SeeInvis +   a - +4 battleaxe
rCold    . . .     Faith    .   c - +0 kite shield
rNeg     . . .     Spirit   .   b - +0 scale mail
rPois    .         Reflect  .   (helmet unavailable)
rElec    .         Harm     .   (no cloak)
rCorr    .         Rampage  .   (no gloves)
Will     +....                  r - +0 pair of boots (curse)
Stlth    ..........             (no amulet)
HPRegen  0.25/turn              (no ring)
MPRegen  0.12/turn              (no ring)

@: very slow
A: permanent stasis, dig shafts and tunnels, four strong arms, antennae 3
a: Dig, Shaft Self, Renounce Religion, Bend Time, Temporal Distortion


You were on level 2 of the Lair of Beasts.
You worshipped Cheibriados.
Cheibriados was most pleased with you.
You visited 3 branches of the dungeon, and saw 14 of its levels.

You collected 401 gold pieces.

Inventory:

Hand Weapons
 a - a +4 battleaxe (weapon)
Missiles
 l - 90 poisoned darts (quivered)
 m - 134 stones
 n - 76 sling bullets
 p - 139 arrows
 t - 2 datura-tipped darts
 x - 8 atropa-tipped darts
 A - 52 bolts
Armour
 b - a +0 scale mail (worn)
 c - a +0 kite shield (worn)
 r - a cursed +0 pair of boots (worn)
Jewellery
 j - an uncursed ring of magical power {unknown}
 w - an uncursed amulet of faith {unknown}
 D - a +6 ring of strength {unknown}
Wands
 s - a wand of acid (13)
 K - a wand of digging (7)
 L - a wand of polymorph (7)
Scrolls
 e - 2 scrolls of enchant armour {unknown}
 f - 8 scrolls of identify
 g - 10 scrolls of remove curse {unknown}
 o - 2 scrolls of magic mapping {unknown}
 q - 3 scrolls of blinking {unknown}
 u - 5 scrolls of teleportation
 v - 2 scrolls of noise {unknown}
 y - a scroll of fear {unknown}
 E - a scroll of random uselessness
 F - 4 scrolls of amnesia
 I - a scroll of fog {unknown}
Potions
 d - 4 potions of might
 h - a potion of curing
 i - a potion of degeneration
 k - a potion of flight {unknown}
 z - a potion of lignification {unknown}
 B - a potion of ambrosia {unknown}
 C - a potion of resistance {unknown}
 G - a potion of magic {unknown}
 H - 2 potions of berserk rage
 J - a potion of brilliance {unknown}


   Skills:
 + Level 9.8 Fighting
 + Level 8.7 Axes
 + Level 9.8 Armour
 + Level 10.7 Shields


You had 10 spell levels left.
You didn't know any spells.
Your spell library contained the following spells:

 Spells                   Type           Power        Failure   Level
 Animate Skeleton         Necr           0%           47%         1
 Apportation              Tloc           0%           47%         1
 Corona                   Hex            0%           47%         1
 Sandblast                Erth           0%           47%         1
 Summon Small Mammal      Summ           0%           47%         1
 Passwall                 Tmut/Erth      0%           63%         2
 Stone Arrow              Conj/Erth      0%           85%         3
 Petrify                  Tmut/Erth      0%           99%         4
 Lee's Rapid Deconstruct  Erth           0%           100%        5


Dungeon Overview and Level Annotations

Branches:
Dungeon (11/15)            Temple (1/1) D:4            Lair (2/6) D:9
    Orc (0/2) D:9
  Swamp: Lair:2-4    Shoals: Lair:2-4     Snake: Lair:2-4    Spider: Lair:2-4

Altars:
Ashenzari
Cheibriados
Dithmenos
Gozag
Kikubaaqudgha
Makhleb
Qazlal
Sif Muna
Trog
Uskayaw
Vehumet
Wu Jian
Xom
Yredelemnul
Lugonu

Portals:
Abyss: D:3

Annotations:
D:5 3 runed translucent doors, exclusion: 3 doors, IHuginn's ghost, novice DsGl


Innate Abilities, Weirdness & Mutations

You cannot be hasted, slowed, berserked, paralysed or teleported.
You can dig through walls and to a lower floor.
Your four strong arms can wield two-handed weapons with a shield.
You have a pair of large antennae on your head. (SInv)


Message History

You kill the yak!
Cheibriados thoroughly appreciates the change of pace.
The blink frog blinks! x2
You slice the yak!!
You kill the yak!
Cheibriados appreciates the change of pace.
The blink frog hits you!
* * * LOW HITPOINT WARNING * * *
You feel your dexterity returning.
You slice the blink frog!!
You kill the blink frog!
Cheibriados thoroughly appreciates the change of pace.
The blink frog blinks!
Are you sure you want to shaft yourself?
You begin to dig a shaft.
You continue digging a shaft.
The blink frog blinks!
The eight-headed hydra bites you.
* * * LOW HITPOINT WARNING * * *
You block the eight-headed hydra's attack.
The eight-headed hydra bites you!
You die...

....... #........
#........
#.......(
###.{{......
#@##{{..F.($
#.....#D#†{......
#.......#FY{{.§...
........Y#YYF.....
...P.....{Y.......
.PP.....##........
........ .........
.....PF. .{.......
...$..P##........


You could see an eight-headed hydra, 4 yaks and 3 blink frogs.

Vanquished Creatures
  3 two-headed ogres
  A gargoyle (D:10)
  A cane toad (Lair:2)
  A komodo dragon (D:10)
  A troll (D:9)
  A blink frog (Lair:2)
  7 yaks
  A wraith (D:11)
  Grum (D:9)
  2 orc warriors
  A black bear (D:5)
  3 ogres
  2 phantoms
  4 wolves
  4 centaurs
  2 bullfrogs
  12 wights
  2 howler monkeys
  A centaur zombie (D:9)
  A bullfrog zombie (D:5)
  3 jellies
  4 hounds
  3 orc priests
  8 orc wizards
  An iguana (D:5)
  3 worker ants
  A hound skeleton (D:7)
  A worker ant zombie (D:8)
  12 adders
  4 white imps
  An ufetubus (D:6)
  3 oozes
  An adder skeleton (D:7)
  2 worms
  A dart slug (D:2)
  9 leopard geckos
  26 orcs
  4 giant cockroaches
  3 goblins
  7 hobgoblins
  23 jackals
  8 quokkas
  5 bats
  4 frilled lizards
  A jackal skeleton (D:4)
  9 kobolds
  A quokka skeleton (D:7)
  15 rats
  A lurking horror (D:3)
215 creatures vanquished.

Vanquished Creatures (others)
  5 fungi (D:4)
  A lurking horror (D:3)
  A plant (Lair:2)
7 creatures vanquished.

Grand Total: 222 creatures vanquished

Notes
Turn   | Place    | Note
-------+----------+-------------------------------------------
     0 | D:1      | Yorgos the Formicid Fighter began the quest for the Orb.
     0 | D:1      | Reached XP level 1. HP: 18/18 MP: 1/1
   145 | D:1      | Reached XP level 2. HP: 22/24 MP: 2/2
   663 | D:1      | Reached XP level 3. HP: 22/29 MP: 3/3
   672 | D:1      | Reached skill level 4 in Shields
   919 | D:2      | Found a shadowy altar of Dithmenos.
  1070 | D:2      | Found an opulent altar of Gozag.
  1070 | D:2      | Found a bloodstained altar of Trog.
  1078 | D:2      | Found a burning altar of Makhleb.
  1130 | D:2      | Reached XP level 4. HP: 34/37 MP: 4/4
  1201 | D:2      | Found a shimmering blue altar of Sif Muna.
  1903 | D:3      | Found a one-way gate to the infinite horrors of the Abyss.
  1903 | D:3      | Found a corrupted altar of Lugonu.
  2520 | D:3      | Reached XP level 5. HP: 42/42 MP: 5/5
  2887 | D:4      | Reached XP level 6. HP: 36/49 MP: 6/6
  2906 | D:4      | Noticed a troll
  2909 | D:4      | You fall into a shaft and drop 1 floor!
  2909 | D:5      | Entered Level 5 of the Dungeon
  2917 | D:5      | Reached skill level 5 in Shields
  3308 | D:5      | Reached XP level 7. HP: 23/55 MP: 7/7
  3310 | D:5      | Reached skill level 5 in Fighting
  3310 | D:5      | Reached skill level 5 in Armour
  4054 | D:5      | Found a runed translucent gate.
  4054 | D:5      | Found a runed translucent gate.
  4054 | D:5      | Found an opulent altar of Gozag.
  4054 | D:5      | Found a runed translucent gate.
  4071 | D:5      | Reached skill level 6 in Shields
  4127 | D:5      | Noticed a hornet
  4128 | D:5      | Noticed IHuginn's ghost (novice DsGl)
  4188 | D:5      | Reached XP level 8. HP: 29/63 MP: 8/8
  4666 | D:4      | Found a staircase to the Ecumenical Temple.
  4672 | Temple   | Entered the Ecumenical Temple
  4698 | Temple   | Became a worshipper of Cheibriados the Contemplative
  5626 | D:4      | You fall into a shaft and drop 1 floor!
  6094 | D:6      | Reached * piety under Cheibriados
  6095 | D:6      | Reached skill level 5 in Axes
  6366 | D:7      | Reached skill level 7 in Shields
  6725 | D:7      | Noticed a two-headed ogre
  6733 | D:7      | Reached XP level 9. HP: 32/71 MP: 9/9
  6735 | D:7      | Killed a two-headed ogre
  6736 | D:7      | Reached skill level 8 in Shields
  7326 | D:7      | Found a stormy altar of Qazlal.
  7390 | D:8      | Noticed a two-headed ogre
  7627 | D:8      | Reached ** piety under Cheibriados
  7684 | D:8      | HP: 2/73 [two-headed ogre/+0 giant club (12)]
  7685 | D:8      | Killed a two-headed ogre
  7686 | D:8      | Reached skill level 9 in Shields
  7686 | D:8      | Reached XP level 10. HP: 2/80 MP: 10/10
  8049 | D:8      | Found a shimmering altar of Xom.
  8201 | D:8      | Noticed a two-headed ogre
  8207 | D:8      | Killed a two-headed ogre
  8406 | D:8      | Found a burning altar of Makhleb.
  8510 | D:9      | Noticed a moth of wrath
  8513 | D:9      | Found a bloodstained altar of Trog.
  8735 | D:9      | Found a staircase to the Lair.
  8785 | D:9      | Found a staircase to the Orcish Mines.
  8844 | D:9      | Noticed Grum
  8850 | D:9      | Reached *** piety under Cheibriados
  8857 | D:9      | Killed Grum
  9602 | D:10     | Entered Level 10 of the Dungeon
  9717 | D:10     | Noticed a komodo dragon
  9717 | D:10     | Noticed a gargoyle
  9732 | D:10     | Killed a komodo dragon
  9733 | D:10     | Reached skill level 10 in Shields
  9963 | D:11     | Noticed a gargoyle
 10095 | D:10     | Reached XP level 11. HP: 68/89 MP: 11/11
 10616 | Lair:1   | Entered Level 1 of the Lair of Beasts
 10874 | Lair:1   | Noticed a six-headed hydra
 10895 | Lair:2   | HP: 3/90 [yak (10)]
 10897 | Lair:2   | Noticed an eight-headed hydra
 10908 | Lair:2   | Slain by an eight-headed hydra

Illustrated notes

Levels and vault maps discovered:
D:1:      dpeg_arrival_windows_large_door, layout_basic, minmay_quantized
D:2:      layout_loops_ring, nicolae_dithmenos_through_a_glass_darkly,
          grunt_temple_overflow_open, nicolae_overflow_crystal_walls,
          minmay_splitting_lines, guppyfry_early_lair_pool
D:3:      layout_loops_ring, amcnicky_altar_lugonu_corruption
D:4:      layout_basic, temple_fountains, serial_aquarium,
          aquarium_bridge_square [aquarium_subvault_wall,
          aquarium_subvault_balcony, aquarium_subvault_bridge,
          aquarium_subvault_wall], aquarium_bridge_square
          [aquarium_subvault_bridge, aquarium_subvault_bridge,
          aquarium_subvault_bridge, aquarium_subvault_bridge],
          aquarium_window_2, aquarium_window_1, aquarium_window_fake,
          aquarium_window_corner, aquarium_view_2e, grunt_ministairs_9
D:5:      black_bear_nest_2, layout_rooms, ebering_ghost_gozag, hex_tiny
D:6:      layout_rooms, kennysheep_another_room
D:7:      layout_basic, nicolae_qazlal_eye_of_the_storm
D:8:      layout_cave_pools, overflow_temple_1_default, makhleb_heckhound_becter
D:9:      layout_loops_ring, lair_entry_dummy, orc_0_dummy, serial_glass,
          glass_columns_a, glass_columns_a, tgw_trog, uniq_grum
D:10:     layout_long_grid, serial_shops, kennysheep_mini_moat, shop_fountains,
          shop_statue, nicolae_shop_behind_doors
D:11:     layout_rooms, lemuel_angel_altar
Temple:   nicolae_temple_elliptical
Lair:1:   lemuel_slime, layout_long_grid, nzn_masters_of_martial_movement
Lair:2:   layout_big_grid, minmay_shoals_entry_beasts, beast_lair_carwin_11,
          lemuel_fruit_fields, lemuel_fruit_tree, grunt_megastairs_4

Skill      XL: |  1  2  3  4  5  6  7  8  9 10 |
---------------+-------------------------------+-----
Shields        | 4 5 6 7 9 10 | 10.7
Armour         | 4 5 6 8 9 |  9.8
Fighting       | 4 5 6 8 9 |  9.8
Axes           | 3 4 5 7 8 |  8.7

Action                   |  1- 3 |  4- 6 |  7- 9 | 10-12 || total
-------------------------+-------+-------+-------+-------++-------
Melee: War axe           |   113 |   164 |   178 |       ||   455
       Battleaxe         |       |       |    87 |   156 ||   243
 Abil: Dig               |       |     3 |     1 |     6 ||    10
       Shaft Self        |       |     1 |     1 |     1 ||     3
Evoke: Wand              |       |       |       |     8 ||     8
  Use: Potion            |       |       |       |     4 ||     4
       Scroll            |       |       |       |     3 ||     3
 Stab: Distracted        |       |       |     1 |       ||     1
Armor: Scale mail        |    53 |    76 |    93 |    35 ||   257
Dodge: Dodged            |    37 |    61 |    93 |    62 ||   253
Block: Kite shield       |    54 |    85 |   188 |   120 ||   447
